 Dungeon Crawl Stone Soup version 0.27-a0-1334-g2746e35aca (webtiles) character file.

Game seed: 15478804555254918709

431 Sabo the Skirmisher (level 7, -1/59 HPs)
             Began as a Gnoll Wanderer on June 26, 2021.
             Slain by an orc (3 damage)
             ... on level 4 of the Dungeon.
             The game lasted 00:25:30 (4000 turns).

Sabo the Skirmisher (Gnoll Wanderer)                Turns: 4000, Time: 00:25:31

Health: -1/59      AC:  9    Str: 12    XL:     7   Next: 0%
Magic:  10/10      EV:  9    Int: 13    God:
Gold:   105        SH:  4    Dex: 11    Spells: 10/10 levels left

rFire    . . .     SeeInvis .   a - +4 mace (spect)
rCold    + . .     Faith    .   k - +0 buckler
rNeg     . . .     Spirit   .   w - +0 chain mail
rPois    .         Reflect  .   (no helmet)
rElec    .         Harm     .   (no cloak)
rCorr    .         Rampage  .   (no gloves)
Will     .....                  (no boots)
Stlth    ..........             (no amulet)
HPRegen  0.19/turn              r - ring of protection from cold
MPRegen  0.12/turn              u - +4 ring of evasion

@: no status effects
A: fangs 1, strong nose, distributed training
a: no special abilities


You were on level 4 of the Dungeon.
You visited 1 branch of the dungeon, and saw 4 of its levels.

You collected 105 gold pieces.

Inventory:

Hand Weapons
 a - a +4 spectral mace (weapon)
 d - a +0 hunting sling
 g - a +0 hand axe
 j - a +4 mace
 m - a +3 dagger
Missiles
 f - 62 bolts
 h - 11 arrows
 v - 20 sling bullets
 x - 3 poisoned darts (quivered)
 y - a throwing net
 z - 7 boomerangs
Armour
 b - a +0 robe
 k - a +0 buckler (worn)
 w - a +0 chain mail (worn)
Jewellery
 r - a ring of protection from cold (left hand)
 u - a +4 ring of evasion (right hand)
Scrolls
 c - 3 scrolls of teleportation
 l - a scroll of immolation {unknown}
Potions
 e - 2 potions of curing
 n - a potion of flight {unknown}
 o - a potion of brilliance {unknown}
 p - 2 potions of lignification
 s - a potion of cancellation
 t - 2 potions of magic {unknown}


   Skills:
 + Level 6.9 Fighting
 + Level 2.2 Short Blades
 + Level 2.2 Long Blades
 + Level 2.2 Axes
 + Level 3.4 Maces & Flails
 + Level 2.2 Polearms
 + Level 2.2 Staves
 + Level 2.2 Slings
 + Level 2.2 Bows
 + Level 2.2 Crossbows
 + Level 2.2 Throwing
 + Level 3.4 Armour
 + Level 2.2 Dodging
 + Level 3.2 Stealth
 + Level 2.2 Shields
 + Level 2.2 Unarmed Combat
 + Level 2.2 Spellcasting
 + Level 1.7 Conjurations
 + Level 4.2 Hexes
 + Level 1.7 Summonings
 + Level 1.7 Necromancy
 + Level 1.7 Translocations
 + Level 1.7 Transmutations
 + Level 1.7 Fire Magic
 + Level 1.7 Ice Magic
 + Level 1.7 Air Magic
 + Level 1.7 Earth Magic
 + Level 2.8 Poison Magic
 + Level 2.4 Invocations
 + Level 3.4 Evocations


You had 10 spell levels left.
You didn't know any spells.
Your spell library contained the following spells:

 Spells                   Type           Power      Damage    Failure   Level
 Animate Skeleton         Necr           12%        N/A       99%         1
 Apportation              Tloc           12%        N/A       99%         1
 Pain                     Necr           24%        1d5       99%         1
 Summon Small Mammal      Summ           24%        N/A       99%         1
 Lesser Beckoning         Tloc           3%         N/A       100%        3
 Summon Guardian Golem    Hex/Summ       9%         N/A       100%        3
 Vampiric Draining        Necr           3%         2d6       100%        3
 Animate Dead             Necr           3%         N/A       100%        4
 Agony                    Necr           6%         N/A       100%        5


Dungeon Overview and Level Annotations

Branches:
Dungeon (4/15)
 Temple: D:4-7

Altars:
Qazlal
Wu Jian


Innate Abilities, Weirdness & Mutations

You have very sharp teeth.
Your uncanny sense of smell can sniff out nearby items.
Your experience applies equally to all skills.


Message History

You hear an angry hiss.
You sock the hound skeleton!
You destroy the hound skeleton!
The orc priest calls down the wrath of Beogh upon you.
Beogh smites you!
* * * LOW HITPOINT WARNING * * *
The orc priest hits you but does no damage.
You feel much better.
You hit the orc priest.
The orc priest is moderately wounded.
The orc priest hits you but does no damage.
The orc priest barely misses you.
An adder comes into view.
The orc closely misses you. You block the orc priest's attack.
You hit the orc priest.
The orc priest is severely wounded.
You block the orc priest's attack. The orc hits you with a +0 club.
You block the orc priest's attack.
The orc priest mumbles some strange prayers to Beogh against you.
Pain shoots through your body! The orc hits you but does no damage.
You closely miss the orc priest.
The orc priest is severely wounded.
The orc priest invokes the aid of Beogh against you.
Beogh smites you!
* * * LOW HITPOINT WARNING * * *
The orc priest closely misses you. The orc barely misses you.
You hit the orc priest.
The orc priest is lightly wounded.
Your spectral +4 spectral mace hits the orc priest!!
You kill the orc priest!
The orc priest hits you but does no damage.
You block the orc's attack.
The orc priest hits you with a +0 flail.
* * * LOW HITPOINT WARNING * * *
You have reached level 7!
You swap places.
You barely miss the orc.
Your spectral +4 spectral mace completely misses the orc.
The orc hits you with a +0 club.
You die...

....#.$.. ...#...
..#### ####....
..(...# ....# #S§#
.............. #oo#
..............
+@(#∆
.............. #(.#
.............. #..#
.............. #..#
.............. #..#
.............. #..#
#.# ..............
#..# #..
...._......... #..#
#.#
+#..8..#########..#
#.#


You could see an orc priest, an adder, an orc and a friendly spectral +4
spectral mace (summoned).

Vanquished Creatures
  An ogre (D:4)
  The ghost of Corwin the Chopper, an amateur HuBe of Trog (D:3)
  A jelly (D:3)
  An orc priest (D:4)
  A bullfrog skeleton (D:4)
  An orc wizard (D:4)
  A hound skeleton (D:4)
  4 adders
  An adder skeleton (D:4)
  2 worms
  2 dart slugs
  5 orcs
  12 ball pythons
  7 endoplasms
  4 giant cockroaches
  6 goblins
  9 hobgoblins
  4 jackals (D:2)
  7 kobolds
  A quokka (D:2)
  2 bats (D:1)
  3 frilled lizards
  9 rats
85 creatures vanquished.

Notes
Turn   | Place    | Note
-------+----------+-------------------------------------------
     0 | D:1      | Sabo the Gnoll Wanderer began the quest for the Orb.
     0 | D:1      | Sabo set off with the following items: a +2 mace, a +0
                  | robe; and the following spells available to memorise:
                  | Apportation, Summon Small Mammal, Summon Guardian Golem,
                  | Lesser Beckoning
     0 | D:1      | Reached XP level 1. HP: 23/23 MP: 1/1
   362 | D:1      | Reached XP level 2. HP: 29/29 MP: 2/2
  1062 | D:2      | Reached XP level 3. HP: 29/35 MP: 3/3
  1421 | D:2      | Reached skill level 1 in Invocations
  1769 | D:2      | Reached skill level 1 in Short Blades
  1769 | D:2      | Reached skill level 1 in Long Blades
  1769 | D:2      | Reached skill level 1 in Axes
  1769 | D:2      | Reached skill level 1 in Polearms
  1769 | D:2      | Reached skill level 1 in Staves
  1769 | D:2      | Reached skill level 1 in Slings
  1769 | D:2      | Reached skill level 1 in Bows
  1769 | D:2      | Reached skill level 1 in Crossbows
  1769 | D:2      | Reached skill level 1 in Throwing
  1769 | D:2      | Reached skill level 1 in Dodging
  1769 | D:2      | Reached skill level 1 in Shields
  1769 | D:2      | Reached skill level 1 in Unarmed Combat
  1769 | D:2      | Reached skill level 1 in Spellcasting
  1915 | D:2      | Reached XP level 4. HP: 28/41 MP: 5/5
  2255 | D:3      | Found a transporter.
  2263 | D:3      | Reached skill level 1 in Conjurations
  2263 | D:3      | Reached skill level 1 in Summonings
  2263 | D:3      | Reached skill level 1 in Necromancy
  2263 | D:3      | Reached skill level 1 in Translocations
  2263 | D:3      | Reached skill level 1 in Transmutations
  2263 | D:3      | Reached skill level 1 in Fire Magic
  2263 | D:3      | Reached skill level 1 in Ice Magic
  2263 | D:3      | Reached skill level 1 in Air Magic
  2263 | D:3      | Reached skill level 1 in Earth Magic
  2661 | D:3      | Noticed Corwin's ghost (amateur HuBe)
  2673 | D:3      | Reached XP level 5. HP: 35/47 MP: 6/6
  2851 | D:3      | Found a transporter.
  3314 | D:3      | Killed Corwin's ghost
  3319 | D:3      | Reached XP level 6. HP: 36/53 MP: 8/8
  3908 | D:4      | Found a stormy altar of Qazlal.
  3910 | D:4      | Found an ornate altar of the Wu Jian Council.
  3998 | D:4      | HP: 2/53 [orc priest (4)]
  3999 | D:4      | Reached XP level 7. HP: 2/59 MP: 10/10
  4000 | D:4      | Slain by an orc

Illustrated notes

Levels and vault maps discovered:
D:1:      dpeg_arrival_three_smaller_balls, layout_loops_ring
D:2:      layout_basic, kennysheep_flooded_box, hangedman_decor_growths
D:3:      layout_loops_ring, gammafunk_ghost_arena,
          minmay_fractal_squares_gapless_5
D:4:      minmay_general_purpose_star, layout_basic, amcnicky_altar_gilded,
          chequers_temple_overflow_statue_of_worship, hangedman_decor_riveting,
          minmay_misc_feat_rows

Skill      XL: |  1  2  3  4  5  6 |
---------------+-------------------+-----
Poison Magic   | 2 |  2.8
Invocations    | 1 2 |  2.4
Short Blades   | 1 2 |  2.2
Long Blades    | 1 2 |  2.2
Axes           | 1 2 |  2.2
Polearms       | 1 2 |  2.2
Staves         | 1 2 |  2.2
Slings         | 1 2 |  2.2
Bows           | 1 2 |  2.2
Crossbows      | 1 2 |  2.2
Throwing       | 1 2 |  2.2
Dodging        | 1 2 |  2.2
Shields        | 1 2 |  2.2
Unarmed Combat | 1 2 |  2.2
Spellcasting   | 1 2 |  2.2
Conjurations   | 1 |  1.7
Summonings     | 1 |  1.7
Necromancy     | 1 |  1.7
Translocations | 1 |  1.7
Transmutations | 1 |  1.7
Fire Magic     | 1 |  1.7
Ice Magic      | 1 |  1.7
Air Magic      | 1 |  1.7
Earth Magic    | 1 |  1.7
Maces & Flails | 3 |  3.4
Armour         | 3 |  3.4
Hexes          | 4 |  4.2
Evocations     | 3 |  3.4
Stealth        | 3 |  3.2
Fighting       | |  6.9

Action                   |  1- 3 |  4- 6 |  7- 9 || total
-------------------------+-------+-------+-------++-------
Melee: Mace              |   110 |   103 |     1 ||   214
       Bite              |     3 |     9 |       ||    12
  Use: Scroll            |       |     8 |       ||     8
       Potion            |       |     4 |       ||     4
 Stab: Sleeping          |     2 |       |       ||     2
Armor: Robe              |    10 |       |       ||    10
       Ring mail         |    25 |    12 |       ||    37
       Leather armour    |     2 |       |       ||     2
       Chain mail        |       |    28 |       ||    28
Dodge: Dodged            |    63 |    34 |       ||    97
Block: Buckler           |    10 |    13 |       ||    23

Table legend: (Time is in decaauts)
 A = Elapsed time spent in this place.
 B = Non-inter-level travel time spent in this place.
 C = Inter-level travel time spent in this place.
 D = Time resting spent in this place.
 E = Time spent auto-exploring this place.
 F = Levels seen in this place.
 G = Mean time per level.
                   A        B        C        D        E       F      G
               +--------+--------+--------+--------+--------+-----+--------+
         Total |   4064 |   4061 |      3 |    799 |      0 |   4 | 1016.0 |
       Dungeon |   4064 |   4061 |      3 |    799 |      0 |   4 | 1016.0 |
               +--------+--------+--------+--------+--------+-----+--------+

Top non-repeatable levels by time:
     D:3: 1325 daAuts
     D:2: 1143 daAuts
     D:1: 1058 daAuts
     D:4: 536 daAuts
